 Dungeon Sprint DCSS version 0.28-a0-245-g639a1a48b9 (webtiles) character file.

Game seed: 12386243487563388417

793 MikeHunt the Destroyer (level 7, -6/75 HPs)
             Began as a Demigod Conjurer on Aug 24, 2021.
             Mangled by a draconian (16 damage)
             ... in the Dungeon (Sprint V: "Ziggurat Sprint").
             The game lasted 00:04:18 (275 turns).

MikeHunt the Destroyer (Demigod Conjurer)            Turns: 275, Time: 00:04:18

Health: -6/75      AC:  2    Str: 12    XL:     7   Next: 31%
Magic:  12/28      EV: 14    Int: 42    God:
Gold:   0          SH:  0    Dex: 12    Spells: 14/21 levels left

rFire   . . .      SeeInvis .   B - +6 Majin-Bo {vamp, MP+6 Int+6}
rCold   . . .      Faith    .   (shield currently unavailable)
rNeg    . . .      Spirit   .   a - +0 robe
rPois   .          Reflect  .   (no helmet)
rElec   .          Harm     .   (no cloak)
rCorr   .          Rampage  .   (no gloves)
Will    .....      NoTele   +   (no boots)
Stlth   ..........              k - amulet of regeneration
HPRegen 1.22/turn               v - +6 ring of intelligence
MPRegen 0.21/turn               w - +6 ring of intelligence

@: berserking (expiring), very slightly contaminated, invisible, very quick
A: high mp 1, forlorn
a: no special abilities


You were in the Dungeon.
You visited 1 branch

Inventory:

Hand Weapons
 A - the +9 heavy crossbow "Sniper" {vorpal, Acc+∞ SInv}
   (You found it in the Dungeon)

   Any ammunition fired from it inflicts extra damage upon your enemies.
   Any ammunition fired from it never misses its target.
   SInv:      It lets you see invisible.
 B - the +6 Majin-Bo (weapon) {vamp, MP+6 Int+6}
   (You found it in the Dungeon)

   It occasionally heals its wielder for a portion of the damage dealt when they
   wound a living foe with it or with a spell.
   Its wielder's spells cost health as well as magical power.
   Int:       It affects your intelligence (+6).
   MP:        It affects your magic capacity (+6).
 C - the +14 obsidian axe {vorpal, Drain Fly SInv}
   (You found it in the Dungeon)

   It inflicts extra damage upon your enemies.
   It occasionally summons demons to assist the wielder when it strikes in
   combat.
   Its wielder is mesmerised by any visible foes.
   It cannot be unequipped while any foes are visible.
   SInv:      It lets you see invisible.
   Fly:       It grants you flight.
   Drain:     It drains your maximum health when unequipped.
 E - the +9 sword of Zonguldrok {reap}
   (You found it in the Dungeon)

   Any living foe damaged by it may be reanimated upon death as a zombie
   friendly to the wielder, with an increasing chance as more damage is dealt.
 F - the +8 lance "Wyrmbane" {slay drac, rPois rF+ rC+ AC+3}
   (You found it in the Dungeon)

   It inflicts extra damage against dragons and draconians.
   AC:        It affects your AC (+3).
   rF:        It protects you from fire.
   rC:        It protects you from cold.
   rPois:     It protects you from poison.
 G - the +6 shillelagh "Devastator" {shatter}
   (You found it in the Dungeon)

   It releases a powerful concussive burst when it strikes, dealing extra damage
   to the target and all other foes adjacent to them.
 H - the +8 storm bow {elec, penet}
   (You found it in the Dungeon)

   Any ammunition fired from it occasionally discharges a powerful burst of
   electricity upon striking a foe.
   Any ammunition fired by it passes through the targets it hits, potentially
   hitting all targets in its path until it reaches maximum range.
 O - the +5 sword of Power {vorpal}
   (You found it in the Dungeon)

   It inflicts extra damage upon your enemies.
   It occasionally discharges a powerful but inaccurate bolt of energy upon
   striking a foe, with increased chance the greater the wielder's current
   health.
Armour
 a - a +0 robe (worn)
 D - the +18 shield of the Gong {rElec rN+ Will+ EV-5}
   (You found it in the Dungeon)

   It is deafeningly noisy when blocking attacks.
   EV:        It affects your evasion (-5).
   rElec:     It insulates you from electricity.
   rN:        It protects you from negative energy.
   Will:      It increases your willpower.
 I - +5 fire dragon scales
 J - +5 ice dragon scales
 K - +5 storm dragon scales
 L - +5 gold dragon scales
 M - a +5 crystal plate armour
 N - a +3 buckler
Jewellery
 k - an amulet of regeneration (around neck)
 s - a ring of flight
 t - a +6 ring of dexterity
 u - a +6 ring of dexterity
 v - a +6 ring of intelligence (left hand)
 w - a +6 ring of intelligence (right hand)
 x - a +6 ring of strength
 y - a +6 ring of strength
Wands
 p - a wand of mindburst (7)
 q - a wand of iceblast (7)
 r - a wand of acid (7)
Scrolls
 g - 4 scrolls of blinking
 m - 7 scrolls of fog
 n - 5 scrolls of identify
 o - 2 scrolls of fear
Potions
 b - 9 potions of curing
 c - 7 potions of heal wounds
 d - 6 potions of haste
 e - 7 potions of magic
 f - 2 potions of berserk rage
 h - 2 potions of brilliance
 i - a potion of invisibility
 j - 4 potions of resistance
 l - 5 potions of might
Miscellaneous
 z - a lightning rod (4/4)


   Skills:
 + Level 5.2 Staves
 + Level 5.7 Dodging
 - Level 1.7 Stealth
 - Level 4.0 Shields
 + Level 7.9 Spellcasting
 + Level 8.9 Conjurations
 + Level 5.2 Hexes


You had 14 spell levels left.
You knew the following spells:

 Your Spells              Type           Power      Damage    Failure   Level
e - Magic Dart            Conj           100%       1d8       1%          1
r - Searing Ray           Conj           100%       3d7       1%          2
t - Fulminant Prism       Conj/Hex       33%        3d16      1%          4

Your spell library contained the following spells:

 Spells                   Type           Power      Damage    Failure   Level
 Dazzling Flash           Conj/Hex       100%       N/A       1%          3
 Iskenderun's Mystic Bla  Conj/Tloc      53%        2d11      3%          4


Dungeon Overview and Level Annotations

Branches:
Dungeon (1/1)

Annotations:
D 1 transporter


Innate Abilities, Weirdness & Mutations

Your attributes grow dramatically as you level up.
You have an increased reservoir of magic. (+10% MP)
You shall have no god before yourself.


Message History

The draconian hits you with a +0 short sword!
You sock the draconian!
You feel better.
The draconian is almost dead.
The draconian hits you but does no damage.
You barely miss the draconian.
The draconian is almost dead.
The draconian closely misses you.
The draconian hits you with a +0 short sword.
You hit the draconian.
The draconian is almost dead.
The draconian hits you with a +0 mace!
* * * LOW HITPOINT WARNING * * *
The draconian hits you with a +0 short sword.
* * * LOW HITPOINT WARNING * * *
You thump the draconian!
You kill the draconian!
The draconian closely misses you.
Your Staves skill gained 4 levels and is now at level 4!
Your Dodging skill gained 3 levels and is now at level 4!
Your Spellcasting skill increases to level 7!
Your Conjurations skill increases to level 8!
Your Hexes skill gained 4 levels and is now at level 4!
You have reached level 5!
You have reached level 6!
Your experience leads to a dramatic increase in your attributes!
Your base attributes are Str 8, Int 24, Dex 12.
Increase (S)trength, (I)ntelligence, or (D)exterity?
You feel stronger. x4
Unknown command.
You sock the draconian!
You kill the draconian!
Your Staves skill increases to level 5!
Your Dodging skill increases to level 5!
Your Hexes skill increases to level 5!
You have reached level 7!
You catch the helpless draconian completely off-guard!
You sock the draconian!
You feel better.
The draconian is moderately wounded.
The draconian hits you with a +0 short sword!
You die...

▓▓▓▓▓▓▓▓▓▓▓▓▓
▓.8©8.▓.8©8.▓
▓.|}[.▓.....▓
▓.....▓...).▓
▓.....▓.....▓
▓.....▓..†..▓
▓..d).▓..©..▓
▓..©@.▓▓▓▓▓▓▓
▓▓▓▓▓▓▓


You could see a draconian.

Vanquished Creatures
  2 draconians (D)
  A water moccasin (D)
  A ball python (D)
4 creatures vanquished.

Vanquished Creatures (others)
  2 fulminant prisms (D)
2 creatures vanquished.

Grand Total: 6 creatures vanquished

Notes
Turn   | Place    | Note
-------+----------+-------------------------------------------
     0 | D        | MikeHunt the Demigod Conjurer began the quest for the Orb.
     0 | D        | Reached XP level 1. HP: 14/14 MP: 5/5
     0 | D        | Found the +6 Majin-Bo {vamp, MP+6 Int+6}
     0 | D        | Found the +9 heavy crossbow "Sniper" {vorpal, Acc+∞ SInv}
     0 | D        | Found the +10 dark maul {vorpal}
     0 | D        | Found the +15 Maxwell's patent armour {-Cast -Tele rElec
                  | Will+ rCorr}
     0 | D        | Found the +18 shield of the Gong {rElec rN+ Will+ EV-5}
     0 | D        | Found the +14 obsidian axe {vorpal, Drain Fly SInv}
     0 | D        | Found the +7 great mace "Firestarter" {inner flame, rF++}
     0 | D        | Found the +6 shillelagh "Devastator" {shatter}
     0 | D        | Found the +11 plutonium sword {Contam Stlth-}
     0 | D        | Found the +8 lance "Wyrmbane" {slay drac, rPois rF+ rC+
                  | AC+3}
     0 | D        | Found the +9 sword of Zonguldrok {reap}
     0 | D        | Found the +13 scythe of Curses {drain, Drain}
     0 | D        | Found the +5 sword of Power {vorpal}
     0 | D        | Found the +7 mace of Variability {chain chaos}
     0 | D        | Found the +7 Singing Sword {vorpal, sonic wave}
     0 | D        | Found the +8 storm bow {elec, penet}
     2 | D        | Found a transporter.
    62 | D        | Reached skill level 5 in Conjurations
    62 | D        | Reached XP level 2. HP: 20/20 MP: 5/9
    66 | D        | Learned a level 2 spell: Searing Ray
   129 | D        | Entered arena 2.
   129 | D        | Noticed a water moccasin
   129 | D        | Found a transporter.
   134 | D        | HP: 1/20 [water moccasin (7)]
   137 | D        | Killed a water moccasin
   138 | D        | Reached skill level 7 in Conjurations
   138 | D        | Reached XP level 3. HP: 19/26 MP: 7/13
   138 | D        | Reached XP level 4. HP: 25/33 MP: 7/15
   227 | D        | Learned a level 4 spell: Fulminant Prism
   258 | D        | Entered arena 3.
   258 | D        | Noticed a draconian
   258 | D        | Noticed a draconian
   258 | D        | Noticed a draconian
   258 | D        | Found a transporter.
   272 | D        | HP: 2/49 [draconian (4)]
   273 | D        | Killed a draconian
   274 | D        | Reached skill level 8 in Conjurations
   274 | D        | Reached XP level 5. HP: 4/38 MP: 12/18
   274 | D        | Reached XP level 6. HP: 4/45 MP: 12/19
   274 | D        | Killed a draconian
   275 | D        | Reached skill level 5 in Staves
   275 | D        | Reached skill level 5 in Dodging
   275 | D        | Reached skill level 5 in Hexes
   275 | D        | Reached XP level 7. HP: 6/50 MP: 12/22
   275 | D        | Mangled by a draconian

Illustrated notes

Levels and vault maps discovered:
D:        sprint_v [room_start, room_1, room_2, room_3, room_4, room_5, room_6,
          room_7, room_8, room_9, room_10, room_11, room_12, room_13, room_14,
          room_15, room_16, room_17, room_18, room_19, room_20, room_21,
          room_22, room_23, room_24, room_25, room_26, room_27]

Skill      XL: |  1  2  3  4  5  6 |
---------------+-------------------+-----
Shields        | 3 4 |  4.0
Spellcasting   | 3 6 7 |  7.9
Conjurations   | 5 7 8 |  8.9
Staves         | 4 5 |  5.2
Dodging        | 4 5 |  5.7
Hexes          | 4 5 |  5.2
Stealth        | |  1.7

Action                   |  1- 3 |  4- 6 |  7- 9 || total
-------------------------+-------+-------+-------++-------
Melee: Quarterstaff      |       |     6 |     1 ||     7
 Cast: Searing Ray       |     3 |     1 |       ||     4
       Fulminant Prism   |       |     2 |       ||     2
  Use: Potion            |     3 |     4 |       ||     7
 Stab: Invisible         |       |       |     1 ||     1
Armor: Robe              |       |     1 |       ||     1
Dodge: Dodged            |     4 |    10 |       ||    14

Table legend: (Time is in decaauts)
 A = Elapsed time spent in this place.
 B = Non-inter-level travel time spent in this place.
 C = Inter-level travel time spent in this place.
 D = Time resting spent in this place.
 E = Time spent auto-exploring this place.
 F = Levels seen in this place.
 G = Mean time per level.
                   A        B        C        D        E       F      G
               +--------+--------+--------+--------+--------+-----+--------+
         Total |    272 |    272 |      0 |    162 |      0 |   1 |  272.0 |
       Dungeon |    272 |    272 |      0 |    162 |      0 |   1 |  272.0 |
               +--------+--------+--------+--------+--------+-----+--------+

Top non-repeatable levels by time:
       D: 272 daAuts
